 Dungeon Crawl Stone Soup version 0.30.1-4-g462c640d31 (webtiles) character file.

Game seed: 8438507337036561287

119 cdecastro the Changer (level 4, -3/35 HPs)
             Began as a Draconian Transmuter on Sept 6, 2023.
             Slain by Sigmund
             ... wielding a +0 scythe
              (9 damage)
             ... on level 3 of the Dungeon.
             The game lasted 00:03:49 (1831 turns).

cdecastro the Changer (Draconian Transmuter)        Turns: 1831, Time: 00:03:49

Health: -3/35      AC:  6    Str: 12    XL:     4   Next: 73%
Magic:  7/7        EV: 12    Int: 15    God:
Gold:   86         SH:  0    Dex: 12    Spells: 1/7 levels left

rFire   . .          .
                       - Unarmed
rCold   . . .        (no shield)
rNeg    . . .        (body armour unavailable)
rPois   .            (helmet currently unavailable)
rElec   .            (no cloak)
rCorr   .            f - +0 pair of gloves
SInv    .            (boots currently unavailable)
Will    .....        (no amulet)
Stlth   +            (no ring)
HPRegen 0.25/turn    (no ring)
MPRegen 0.10/turn

%: no passive effects
@: appendages (expiring)
A: horns 2, talons 2, AC +5, unfitting armour, cold-blooded
a: End Transformation


You were on level 3 of the Dungeon.
You had temporarily grown beastly horns and talons.
You visited 1 branch of the dungeon, and saw 3 of its levels.

You collected 86 gold pieces.

Inventory:

Missiles
 b - 2 boomerangs
 j - 5 poisoned darts
Armour
 f - a +0 pair of gloves (worn)
Scrolls
 c - 2 scrolls of identify {unknown}
 d - a scroll of silence {unknown}
 g - a scroll of vulnerability {unknown}
 m - a scroll of blinking {unknown}
 o - a scroll of brand weapon {unknown}
Potions
 a - 2 potions of lignification
 e - a potion of attraction {unknown}
 h - 2 potions of curing {unknown}
 i - a potion of mutation {unknown}
 k - a potion of berserk rage {unknown}
 l - a potion of magic {unknown}
 n - a potion of haste {unknown}


   Skills:
 - Level 1.1 Fighting
 - Level 1.7 Dodging
 - Level 3.0 Unarmed Combat
 - Level 2.0 Spellcasting
 + Level 5.0 Transmutations


You had one spell level left.
You knew the following spells:

 Your Spells              Type           Power      Damage    Failure   Level
a - Beastly Appendage     Tmut           32%        N/A       2%          1
b - Wereblood             Tmut           16%        N/A       4%          2
c - Spider Form           Tmut/Pois      9%         N/A       24%         3

Your spell library contained the following spells:

 Spells                   Type           Power      Damage    Failure   Level
 Freeze                   Ice            4%         1d3       22%         1
 Frozen Ramparts          Ice            2%         1d1       54%         3
 Hailstorm                Conj/Ice       1%         3d3       54%         3
 Ice Form                 Ice/Tmut       9%         N/A       61%         4
 Fireball                 Conj/Fire      0%         3d3       99%         5
 Iskenderun's Battlesphe  Conj           1%         2d6       99%         5
 Conjure Ball Lightning   Conj/Air       0%         3x3d6     100%        6
 Orb of Destruction       Conj           0%         9d5       100%        7


Dungeon Overview and Level Annotations

Branches:
Dungeon (3/15)

Altars:

Annotations:
D:3 Sigmund


Innate Abilities, Weirdness & Mutations

You have temporarily grown beastly horns and talons.
Your plain brown scales are hard. (AC +5)
You cannot fit into any form of body armour.
You are cold-blooded and may be slowed by cold attacks.


Message History

Sigmund barely misses you.
You closely miss Sigmund. You headbutt Sigmund.
Your tail-slap misses Sigmund.
Your punch misses Sigmund.
Sigmund is moderately wounded.
You completely miss Sigmund. You claw Sigmund!
Sigmund is severely wounded.
Sigmund hits you with a +0 scythe.
You hit Sigmund but do no damage. Your headbutt misses Sigmund.
You punch Sigmund, but do no damage.
Sigmund is severely wounded.
You barely miss Sigmund.
Sigmund is severely wounded.
Sigmund's eyes start glowing with a red light.
Sigmund hits you with a +0 scythe!
You closely miss Sigmund. Your kick misses Sigmund.
Your headbutt misses Sigmund.
Sigmund is severely wounded.
Sigmund casts a spell.
Sigmund flickers and vanishes!
Deactivating autopickup; reactivate with Ctrl-A.
You hit something but do no damage. You claw something.
You hear some strange, mumbled words.
Something tries to affect you, but you resist.
You hit something. Your kick misses something. Something hits you!
* * * LOW HITPOINT WARNING * * *
You miss something.
Your tail-slap misses something.
You closely miss something. Your headbutt misses something. Something hits you.
* * * LOW HITPOINT WARNING * * *
You barely miss something. Your headbutt misses something.
Your tail-slap misses something.
Something hits you but does no damage.
You completely miss something. Your kick misses something.
Your transformation is almost over.
You closely miss something.
You hear some strange, mumbled words.
A puff of flame appears from out of thin air!
The puff of flame hits you!
* * * LOW HITPOINT WARNING * * *
You miss something. You claw something. Your headbutt misses something.
Your tail-slap misses something.
Something hits you!
You die...

........# #.
.P.P..... . #
....#.PP.#..####
##..@###.PP.......
#... .......######
#.. .....PP######
##.# #....... #{.#
#.#.####
#.@#########.#.#
#............#.#
#..............#
################


There were no monsters in sight!

Vanquished Creatures
  An iguana (D:3)
  3 adders
  4 dart slugs
  A ball python (D:2)
  5 endoplasms
  2 giant cockroaches (D:1)
  12 goblins
  5 hobgoblins
  2 jackals (D:2)
  A quokka (D:2)
  2 bats
  3 frilled lizards
  8 kobolds
  3 rats
52 creatures vanquished.

Notes
Turn   | Place    | Note
-------+----------+-------------------------------------------
     0 | D:1      | cdecastro the Draconian Transmuter began the quest for the
                  | Orb.
     0 | D:1      | Reached XP level 1. HP: 16/16 MP: 3/3
   207 | D:1      | Reached XP level 2. HP: 20/23 MP: 3/5
   251 | D:1      | Reached skill level 3 in Transmutations
   467 | D:1      | You fall into a shaft and drop 1 floor!
   507 | D:2      | Reached XP level 3. HP: 23/28 MP: 4/6
   519 | D:2      | Learned a level 2 spell: Wereblood
   523 | D:2      | Learned a level 3 spell: Spider Form
   868 | D:2      | Reached skill level 4 in Transmutations
  1334 | D:3      | Reached XP level 4. HP: 35/35 MP: 5/7
  1612 | D:3      | Reached skill level 5 in Transmutations
  1808 | D:3      | Noticed Sigmund
  1831 | D:3      | Slain by Sigmund

Illustrated notes

Levels and vault maps discovered:
D:1:      matt_arrival_grand_opening, layout_basic, st_stairs_12
D:2:      layout_loops_ring
D:3:      layout_loops_ring, nicolae_sif_muna_condensation,
          kiku_gazebo_garden_becter, hangedman_decor_riveting,
          minmay_goblin_outpost, uniq_sigmund, uniq_natasha

Skill      XL: |  1  2  3  4 |
---------------+-------------+-----
Transmutations | 3 4 5 |  5.0
Fighting       | |  1.1
Dodging        | |  1.7
Unarmed Combat | |  3.0
Spellcasting   | |  2.0

Action                     |  1- 3 |  4- 6 || total
---------------------------+-------+-------++-------
  Melee: Unarmed           |    90 |    63 ||   153
         Tailslap          |    10 |     8 ||    18
         Headbutt          |     9 |    10 ||    19
         Kick              |    12 |    17 ||    29
         Punch             |     4 |     2 ||     6
   Cast: Beastly Appendage |    18 |     7 ||    25
   Stab: Sleeping          |     2 |       ||     2
 Armour: Skin              |    15 |    12 ||    27
  Dodge: Dodged            |    46 |    23 ||    69
